 Dungeon Crawl Stone Soup version 0.30-a0-4-ga7cffc901d (webtiles) character file.

Game seed: 12237689801490522303

120 Setbun the Sneak (level 5, -2/29 HPs)
             Began as a Kobold Enchanter on Aug 20, 2022.
             Succumbed to an adder's poison
             ... in a sewer.
             The game lasted 00:03:57 (3383 turns).

Setbun the Sneak (Kobold Enchanter)                 Turns: 3383, Time: 00:03:58

Health: -2/29      AC:  6    Str:  5    XL:     5   Next: 25%
Magic:  1/8        EV: 15    Int: 18    God:
Gold:   157        SH:  0    Dex: 16    Spells: 7/9 levels left

rFire   . . .      SeeInvis .    a - +1 dagger
rCold   . . .      Faith    .    (no shield)
rNeg    . . .      Spirit   .    b - +0 robe
rPois   .          Reflect  .    (no helmet)
rElec   .          Harm     .    (no cloak)
rCorr   .          Rampage  .    (no gloves)
Will    .....                    (no boots)
Stlth   ++++......               (no amulet)
HPRegen 0.09/turn                h - +4 ring of protection
MPRegen 0.11/turn                (no ring)

@: lethally poisoned (-2 -> -19), very slightly contaminated
A: small, no large weapons, nightstalker 3
a: no special abilities


You were in a sewer.
You visited 1 branch of the dungeon, and saw 3 of its levels.
You also visited: Sewer.

You collected 157 gold pieces.

Inventory:

Hand Weapons
 a - a +1 dagger (weapon)
Armour
 b - a +0 robe (worn)
Jewellery
 h - a +4 ring of protection (left hand)
Scrolls
 d - a scroll of amnesia {unknown}
 e - 6 scrolls of identify {unknown}
 f - 2 scrolls of teleportation {unknown}
 g - a scroll of vulnerability {unknown}
 j - a scroll of brand weapon {unknown}
 k - 2 scrolls of poison {unknown}
 o - a scroll of noise {unknown}
 p - a scroll of magic mapping {unknown}
 q - a scroll of immolation {unknown}
 r - a scroll of enchant weapon {unknown}
 s - a scroll of summoning {unknown}
Potions
 c - 2 potions of invisibility
 i - a potion of heal wounds {unknown}
 l - a potion of haste {unknown}
 m - a potion of attraction {unknown}
 n - 2 potions of degeneration
 t - a potion of mutation


   Skills:
 + Level 1.4 Fighting
 * Level 3.6 Short Blades
 + Level 3.1 Dodging
 + Level 4.7 Stealth
 + Level 2.6 Spellcasting
 + Level 3.4 Hexes


You had 7 spell levels left.
You knew the following spells:

 Your Spells              Type           Power      Damage    Failure   Level
a - Ensorcelled Hibernat  Hex/Ice        16%        N/A       13%         2

Your spell library contained the following spells:

 Spells                   Type           Power      Damage    Failure   Level
 Confusing Touch          Hex            14%        N/A       12%         3
 Tukima's Dance           Hex            14%        N/A       12%         3
 Dazzling Flash           Conj/Hex       16%        N/A       26%         3


Dungeon Overview and Level Annotations

Branches:
Dungeon (3/15)              Sewer (1/1)

Altars:


Innate Abilities, Weirdness & Mutations

You are small and have problems with some larger weapons.
You are completely attuned to the shadows.


Message History

The adder bites you but does no damage. The adder barely misses you.
The adder closely misses you. The adder bites you.
You are more poisoned.
The adder poisons you! The adder barely misses you.
You hit the adder.
The adder is lightly wounded.
You feel sick. The adder barely misses you. The adder closely misses you.
The adder misses you.
You barely miss the adder.
The adder is lightly wounded.
You feel sick. The adder closely misses you. x3
You hit the adder.
The adder is heavily wounded.
You feel sick. The adder bites you.
You are lethally poisoned!
The adder poisons you! The adder barely misses you. x2
You hit the adder.
The adder is heavily wounded.
* * * LOW HITPOINT WARNING * * *
You feel very sick. The adder barely misses you. The adder bites you.
* * * LOW HITPOINT WARNING * * *
You are more poisoned.
The adder poisons you! The adder closely misses you.
You barely miss the adder.
The adder is heavily wounded.
* * * LOW HITPOINT WARNING * * *
You feel sick.
The adder closely misses you. x2; The adder misses you.
You closely miss the adder. Your punch misses the adder.
The adder is heavily wounded.
* * * LOW HITPOINT WARNING * * *
You feel sick. The adder completely misses you. The adder barely misses you.
The adder bites you.
* * * LOW HITPOINT WARNING * * *
You are more poisoned.
The adder poisons you!
Unknown command.
You closely miss the adder.
The adder is heavily wounded.
You die...

≈≈≈≈~~~.~~~~~.~~~~~.~~~..~..~~.~~
≈≈≈≈.≈≈≈≈≈≈≈≈≈≈≈≈≈≈≈≈≈≈≈≈≈≈≈≈≈≈≈≈
≈≈≈≈~≈~~...~~~~~~~~~~~.~~~~~~~~~~
####~≈~#######################~≈~
#~≈~# ###### #~≈~ #~≈~# #....#
#~≈~#####++#####''#####
#~~~~~~......SS......∩#
#.~~~~~......@SS.....∩#
#~≈~#####''#####''##### #.≈~#
#....# .S..# ## #~≈~# ######
###### .###~≈~## ..##~≈~~~
####~≈.≈≈ # #~≈~~~ ####.≈~##


You could see 4 adders.

Vanquished Creatures
  Terence (D:3)
  3 adders
  A dart slug (D:2)
  A worm (D:2)
  8 ball pythons
  8 bats
  10 endoplasms
  3 giant cockroaches (D:2)
  7 goblins
  3 hobgoblins
  2 jackals (Sewer)
  2 kobolds
  3 quokkas
  A frilled lizard (Sewer)
  5 rats
58 creatures vanquished.

Vanquished Creatures (others)
  24 plants (D:3)
24 creatures vanquished.

Grand Total: 82 creatures vanquished

Notes
Turn   | Place    | Note
-------+----------+-------------------------------------------
     0 | D:1      | Setbun the Kobold Enchanter began the quest for the Orb.
     0 | D:1      | Reached XP level 1. HP: 10/10 MP: 3/3
   510 | D:1      | Reached XP level 2. HP: 15/15 MP: 5/5
   540 | D:1      | Learned a level 2 spell: Ensorcelled Hibernation
  1321 | D:2      | Reached XP level 3. HP: 15/20 MP: 6/6
  1355 | D:2      | HP: 1/20 [kobold/+0 dagger (1)]
  2006 | D:2      | Reached skill level 1 in Fighting
  2006 | D:2      | Reached XP level 4. HP: 25/25 MP: 7/7
  2312 | D:2      | Found a faded altar of an unknown god.
  2567 | D:3      | Noticed Terence
  2570 | D:3      | Killed Terence
  2782 | D:3      | Reached XP level 5. HP: 19/29 MP: 8/8
  2788 | D:3      | Found a glowing drain.
  2799 | Sewer    | Entered a sewer
  3382 | Sewer    | HP: 1/29 [adder (1)]
  3383 | Sewer    | Succumbed to an adder's poison

Illustrated notes

Levels and vault maps discovered:
D:1:      saegor_arrival_under_anarchy, layout_basic, hangedman_decor_push
D:2:      layout_rooms, shapermc_ecumenical_altar_flowoftime,
          minmay_increasing_density
D:3:      layout_loops_ring, nicolae_gozag_seed_capital, serial_bayou,
          serial_bayou_shore_b, serial_bayou_pond_b, serial_bayou_lagoon_a,
          serial_bayou_pond_b, portal_sewer_entry_f, supply_closet_lemuel,
          uniq_robin, uniq_terence, uniq_sigmund
Sewer:    sewer_fruit_machine

Skill      XL: |  1  2  3  4 |
---------------+-------------+-----
Short Blades   | 2 3 |  3.6
Fighting       | 1 |  1.4
Dodging        | 3 |  3.1
Stealth        | |  4.7
Spellcasting   | |  2.6
Hexes          | |  3.4

Action                   |  1- 3 |  4- 6 || total
-------------------------+-------+-------++-------
Melee: Dagger            |    83 |   169 ||   252
       Punch             |       |     2 ||     2
 Cast: Ensorcelled Hiber |     6 |     3 ||     9
 Stab: Sleeping          |    14 |    10 ||    24
Armor: Robe              |     7 |    50 ||    57
Dodge: Dodged            |    43 |   164 ||   207

Table legend: (Time is in decaauts)
 A = Elapsed time spent in this place.
 B = Non-inter-level travel time spent in this place.
 C = Inter-level travel time spent in this place.
 D = Time resting spent in this place.
 E = Time spent auto-exploring this place.
 F = Levels seen in this place.
 G = Mean time per level.
                   A        B        C        D        E       F      G
               +--------+--------+--------+--------+--------+-----+--------+
         Total |   3440 |   3322 |    118 |    725 |   1944 |   4 |  860.0 |
       Dungeon |   2804 |   2686 |    118 |    634 |   1641 |   3 |  934.7 |
         Sewer |    636 |    636 |      0 |     91 |    303 |   1 |  636.0 |
               +--------+--------+--------+--------+--------+-----+--------+

Top non-repeatable levels by time:
     D:2: 1261 daAuts
     D:1: 1248 daAuts
   Sewer: 636 daAuts
     D:3: 294 daAuts
